Flyers vs Capitals (R2)

Created - 9 mai 2016 at 19:00

Goals
1 2 3 T
Flyers 0 0 3 3
Capitals 0 0 2 2
Shots
1 2 3 T
Flyers 10 6 17 33
Capitals 9 7 5 21

1st period

No Goal

Penalties :
Matt Smaby (Phi) for Holding (Minor) at 2:19

2nd period

No Goal

Penalties :
Matt Smaby (Phi) for Tripping (Minor) at 0:07, Brad Richards (Was) for Slashing (Minor) at 8:19, Pavel Kubina (Phi) for Slashing (Double Minor) at 12:04, Matt Smaby (Phi) for Delaying the game (Minor) at 18:06

3rd period

1. Capitals , Johan Franzen 1 (Pavel Datsyuk) at 2:46
2. Flyers , Mike York 3 (Mats Zuccarello, James Wisniewski) at 4:07
3. Capitals , Thomas Vanek 2 (Brent Seabrook) at 9:24
4. Flyers , Dave Tanabe 1 (Matt Smaby, Cory Schneider) at 13:04 (PP)
5. Flyers , Matt Smaby 1 (Dave Tanabe, Loui Eriksson) at 19:05 (PP)

Penalties :
Marek Zidlicky (Was) for Fighting (Major) at 4:12, Georges Laraque (Phi) for Fighting (Major) at 4:12, Kyle Wellwood (Phi) for Holding (Minor) at 4:23, Johan Franzen (Was) for Tripping (Minor) at 7:22, Mark Streit (Was) for Roughing (Double Minor) at 12:11, Marek Zidlicky (Was) for Tripping (Minor) at 18:45, Brent Seabrook (Was) for Hooking (Minor) at 18:54

Goalie Stats

Cory Schneider (Phi), 19 saves from 21 shots - (0,905), W, 3-0-0, 60:00 minutes
Jaroslav Halak (Was), 30 saves from 33 shots - (0,909), L, 0-3-1, 60:00 minutes

Players Stats for Flyers

Player Name              G  A  P  +/- PIM S  H  SB GA TA FO     MP     PP MP  PK MP  
------------------------------------------------------------------------------------
Dany Heatley             0  0  0   0  0   3  0  0  1  0  0/1    19:41   3:35   4:41 
Dave Tanabe              1  1  2  -1  0   4  1  2  0  0  0/0    23:09   4:19   4:59 
Georges Laraque          0  0  0   0  5   0  2  0  0  1  0/1    13:27   2:43   0:00 
James Wisniewski         0  1  1   1  0   0  1  0  0  1  0/0    15:10   0:00   3:51 
Jeff Carter              0  0  0   0  0   3  1  0  0  0  8/18   18:06   3:35   3:06 
Jeff O'Neill             0  0  0   1  0   1  1  0  0  0  2/3     9:18   0:26   0:11 
Jeff Woywitka            0  0  0  -1  0   1  2  2  0  1  0/0    25:43   3:45   6:42 
Kyle McLaren             0  0  0   1  0   0  0  0  1  0  0/0    11:40   0:00   1:12 
Kyle Wellwood            0  0  0  -1  2   4  1  1  0  1  11/15  18:19   4:14   2:38 
Loui Eriksson            0  1  1  -1  0   2  0  0  1  0  0/0    15:29   4:17   0:00 
Mats Zuccarello          0  1  1   1  0   1  1  0  0  1  0/0     8:41   0:00   0:00 
Matt Smaby               1  1  2  -1  6   4  0  0  0  0  0/0    21:20   4:19   2:39 
Matthew Lombardi         0  0  0  -1  0   2  0  2  0  0  7/13   14:43   0:00   6:00 
Mike York                1  0  1   1  0   5  0  0  1  0  0/0    10:22   0:26   1:15 
Patrick Marleau          0  0  0  -1  0   0  2  0  1  0  1/2    15:18   4:03   0:00 
Pavel Kubina             0  0  0  -1  4   1  1  2  1  0  0/0    23:29   3:45   4:27 
Rostislav Olesz          0  0  0  -1  0   1  1  0  0  0  1/1    14:42   0:00   5:59 
Stefan Ruzicka           0  0  0  -1  0   1  0  0  0  0  0/0     9:22   0:53   0:00 

Players Stats for Capitals

Player Name              G  A  P  +/- PIM S  H  SB GA TA FO     MP     PP MP  PK MP  
------------------------------------------------------------------------------------
Brad Richards            0  0  0   0  2   1  2  2  1  1  5/8    20:00   5:05   3:28 
Brent Seabrook           0  1  1   0  2   2  1  1  1  1  0/0    27:25   7:04   3:54 
Brian Campbell           0  0  0   0  0   0  0  1  0  0  0/0    19:43   4:34   3:14 
David Krejci             0  0  0  -1  0   0  3  0  0  0  2/4    10:18   0:00   0:00 
Jakub Voracek            0  0  0   1  0   1  1  1  0  0  0/1     8:28   0:39   1:59 
James Neal               0  0  0  -1  0   2  1  1  1  0  0/0    14:19   0:58   1:43 
Jay Harrison             0  0  0   0  0   0  0  4  0  0  0/0    12:52   0:54   0:00 
Johan Franzen            1  0  1   2  2   5  1  1  0  0  0/1    19:40   6:02   0:59 
Keith Yandle             0  0  0   0  0   0  0  0  0  0  0/0     3:41   0:17   0:54 
Marek Zidlicky           0  0  0   1  7   0  0  1  0  0  0/0    17:44   3:57   2:22 
Mark Giordano            0  0  0   1  0   0  0  3  0  0  0/0    14:34   0:00   2:57 
Mark Streit              0  0  0   0  4   1  2  1  0  2  0/0    24:07   7:04   2:50 
Patrik Elias             0  0  0   0  0   1  0  0  0  0  0/1    17:20   5:05   0:15 
Pavel Datsyuk            0  1  1   1  0   1  2  0  0  0  14/34  25:39   6:01   4:35 
Phil Kessel              0  0  0   0  0   3  1  0  1  0  0/0    16:53   5:05   0:00 
Ryan Callahan            0  0  0  -1  0   1  0  1  0  0  0/0    11:57   0:41   0:00 
Thomas Vanek             1  0  1   2  0   3  0  0  1  1  0/0    20:15   6:02   1:33 
Tyler Johnson            0  0  0   0  0   0  0  0  0  1  3/5     6:48   0:07   1:25 

3 Stars

1 - Thomas Vanek (Was)
2 - Dave Tanabe (Phi)
3 - Johan Franzen (Was)

Power Play

Flyers - 2 on 6 Attempt(s) - 33,33%
Capitals - 0 on 6 Attempt(s) - 0,00%

Penalty Kill

Flyers - 6 on 6 Attempt(s) - 100,00% - Score 0 goal in Penalty Kill
Capitals - 4 on 6 Attempt(s) - 66,67% - Score 0 goal in Penalty Kill

Team Stat

Flyers - Hits : 14 - Faceoff Wins : 30 - Blocked Shots : 9 - Penalty Minutes : 17
Capitals - Hits : 14 - Faceoff Wins : 24 - Blocked Shots : 17 - Penalty Minutes : 17

Official

Referees : Kowal Tom and O'Rourke Dan
Linesman : Andy McElman and Mike Cvik

Game Notes

Marek Zidlicky and Georges Laraque fight to a draw at 4:12 of 3rd period

Finance

Level 1 -- Attendance: 6000 (100,00%) -- Ticket Income 462 000 $
Level 2 -- Attendance: 5000 (100,00%) -- Ticket Income 210 000 $
Level 3 -- Attendance: 2000 (100,00%) -- Ticket Income 54 000 $
Level 4 -- Attendance: 4000 (100,00%) -- Ticket Income 64 000 $
Luxury Box -- Attendance: 1000 (100,00%) -- Ticket Income 163 000 $
Game was played at the Verizon Center.
Total Attendance: 18000 (100,00%)
Total Ticket Income: 953 000 $
Other Income: 142 950 $
Total Income: 1 095 950 $

Flyers

5 vs 5 Forward 
   Center                   Left Wing                Right Wing               Time % Phy DF OF 
 1 Jeff Carter              Dany Heatley             Georges Laraque          35     1   0  4  
 2 Kyle Wellwood            Patrick Marleau          Loui Eriksson            35     0   0  5  
 3 Matthew Lombardi         Rostislav Olesz          Stefan Ruzicka           15     0   3  2  
 4 Jeff O'Neill             Mike York                Mats Zuccarello          15     0   3  2  

5 vs 5 Defense 
   Defense                  Defense                                           Time % Phy DF OF 
 1 Jeff Woywitka            Pavel Kubina                                      40     1   2  2  
 2 Dave Tanabe              Matt Smaby                                        40     1   2  2  
 3 James Wisniewski         Kyle McLaren                                      15     1   4  0  
 4 Pavel Kubina             Jeff Woywitka                                     5      1   2  2  

PowerPlay Forward 
   Center                   Left Wing                Right Wing               Time % Phy DF OF 
 1 Jeff Carter              Dany Heatley             Georges Laraque          50     1   2  2  
 2 Kyle Wellwood            Patrick Marleau          Loui Eriksson            50     1   2  2  

PowerPlay Defense
   Defense                  Defense                                           Time % Phy DF OF 
 1 Pavel Kubina             Jeff Woywitka                                     50     1   2  2  
 2 Dave Tanabe              Matt Smaby                                        50     1   2  2  

Penalty Kill 4 Players Forward 
   Center                   Wing                     Time % Phy DF OF 
 1 Matthew Lombardi         Rostislav Olesz          60     0   5  0  
 2 Kyle Wellwood            Dany Heatley             40     0   5  0  

Penalty Kill 4 Players Defense
   Defense                  Defense                  Time % Phy DF OF 
 1 Jeff Woywitka            Pavel Kubina             60     0   5  0  
 2 Matt Smaby               Dave Tanabe              40     0   5  0  

Penalty Kill - 3 Players Forward 
   Forward                                           Time % Phy DF OF 
 1 Matthew Lombardi                                  60     0   5  0  
 2 Kyle Wellwood                                     40     0   5  0  

Penalty Kill - 3 Players Defense
   Defense                  Defense                  Time % Phy DF OF 
 1 Pavel Kubina             Jeff Woywitka            60     0   5  0  
 2 Dave Tanabe              Matt Smaby               40     0   5  0  

4 vs 4 Forward 
   Center                   Wing                     Time % Phy DF OF 
 1 Jeff Carter              Dany Heatley             50     1   2  2  
 2 Kyle Wellwood            Loui Eriksson            50     1   2  2  

4 vs 4 Defense
   Defense                  Defense                  Time % Phy DF OF 
 1 Pavel Kubina             Jeff Woywitka            50     1   2  2  
 2 Dave Tanabe              Pavel Kubina             50     1   2  2  

Last Minutes Offensive
   Center                   Left Wing                Right Wing               Defense                  Defense                  
   Kyle Wellwood            Patrick Marleau          Loui Eriksson            Pavel Kubina             Jeff Woywitka            

Last Minutes Defensive
   Center                   Left Wing                Right Wing               Defense                  Defense                  
   Matthew Lombardi         Dany Heatley             Georges Laraque          Jeff Woywitka            Matt Smaby               

Goaltenders
Starting : Cory Schneider           
Backup : Viktor Fasth             

Extra Forwards
Normal : Jeff Carter, Kyle Wellwood, Patrick Marleau - PP : Jeff Carter, Kyle Wellwood - PK : Matthew Lombardi
Extra Defensemen
Normal : Pavel Kubina, Jeff Woywitka, Dave Tanabe - PP : Pavel Kubina - PK : Jeff Woywitka, Matt Smaby
Penalty Shots
Patrick Marleau, Dany Heatley, Jeff Carter, Loui Eriksson, Kyle Wellwood

Capitals

5 vs 5 Forward 
   Center                   Left Wing                Right Wing               Time % Phy DF OF 
 1 Pavel Datsyuk            Thomas Vanek             Johan Franzen            40     1   2  2  
 2 Brad Richards            Patrik Elias             Phil Kessel              30     1   2  2  
 3 David Krejci             James Neal               Ryan Callahan            20     1   2  2  
 4 Tyler Johnson            Pavel Datsyuk            Jakub Voracek            10     1   2  2  

5 vs 5 Defense 
   Defense                  Defense                                           Time % Phy DF OF 
 1 Brent Seabrook           Mark Streit                                       40     1   2  2  
 2 Brian Campbell           Marek Zidlicky                                    30     1   2  2  
 3 Jay Harrison             Mark Giordano                                     20     1   2  2  
 4 Keith Yandle             Brent Seabrook                                    10     1   2  2  

PowerPlay Forward 
   Center                   Left Wing                Right Wing               Time % Phy DF OF 
 1 Pavel Datsyuk            Thomas Vanek             Johan Franzen            60     1   2  2  
 2 Brad Richards            Patrik Elias             Phil Kessel              40     1   2  2  

PowerPlay Defense
   Defense                  Defense                                           Time % Phy DF OF 
 1 Brent Seabrook           Mark Streit                                       60     1   2  2  
 2 Brian Campbell           Marek Zidlicky                                    40     1   2  2  

Penalty Kill 4 Players Forward 
   Center                   Wing                     Time % Phy DF OF 
 1 Pavel Datsyuk            Brad Richards            60     1   2  2  
 2 Thomas Vanek             Johan Franzen            40     1   2  2  

Penalty Kill 4 Players Defense
   Defense                  Defense                  Time % Phy DF OF 
 1 Brent Seabrook           Mark Streit              60     1   2  2  
 2 Brian Campbell           Marek Zidlicky           40     1   2  2  

Penalty Kill - 3 Players Forward 
   Forward                                           Time % Phy DF OF 
 1 Pavel Datsyuk                                     60     1   2  2  
 2 Brad Richards                                     40     1   2  2  

Penalty Kill - 3 Players Defense
   Defense                  Defense                  Time % Phy DF OF 
 1 Brent Seabrook           Mark Streit              60     1   2  2  
 2 Brian Campbell           Marek Zidlicky           40     1   2  2  

4 vs 4 Forward 
   Center                   Wing                     Time % Phy DF OF 
 1 Pavel Datsyuk            Brad Richards            60     1   2  2  
 2 Thomas Vanek             Johan Franzen            40     1   2  2  

4 vs 4 Defense
   Defense                  Defense                  Time % Phy DF OF 
 1 Brent Seabrook           Mark Streit              60     1   2  2  
 2 Brian Campbell           Marek Zidlicky           40     1   2  2  

Last Minutes Offensive
   Center                   Left Wing                Right Wing               Defense                  Defense                  
   Pavel Datsyuk            Thomas Vanek             Johan Franzen            Brent Seabrook           Mark Streit              

Last Minutes Defensive
   Center                   Left Wing                Right Wing               Defense                  Defense                  
   Pavel Datsyuk            Thomas Vanek             Johan Franzen            Brent Seabrook           Mark Streit              

Goaltenders
Starting : Jaroslav Halak           
Backup : Tim Thomas               

Extra Forwards
Normal : James Neal, Ryan Callahan, Jakub Voracek - PP : James Neal, Ryan Callahan - PK : Jakub Voracek
Extra Defensemen
Normal : Jay Harrison, Mark Giordano, Keith Yandle - PP : Jay Harrison - PK : Mark Giordano, Keith Yandle
Penalty Shots
Pavel Datsyuk, Brad Richards, Thomas Vanek, Johan Franzen, Patrik Elias

% Time on Ice - Flyers

Lines # - Real PCT - Wanted PCT - Time Play
Normal Forward
1 - 29% - 35% - 11:34
2 - 28% - 35% - 11:17
3 - 21% - 15% - 8:29
4 - 22% - 15% - 8:41
Normal Defense
1 - 38% - 40% - 15:03
2 - 36% - 40% - 14:30
3 - 26% - 15% - 10:28
4 - 0% - 5% - 0:00
PP Forward
1 - 50% - 50% - 4:01
2 - 50% - 50% - 4:03
PP Defense
1 - 46% - 50% - 3:45
2 - 54% - 50% - 4:19
PK Forward
1 - 72% - 60% - 8:34
2 - 28% - 40% - 3:21
PK Defense
1 - 67% - 60% - 8:02
2 - 33% - 40% - 3:53
PK3 Forward
1 - 0% - 60%
2 - 0% - 40%
PK3 Defense
1 - 0% - 60%
2 - 0% - 40%
44 Forward
1 - 0% - 50%
2 - 0% - 50%
44 Defense
1 - 0% - 50%
2 - 0% - 50%
Last Minute Offensive  - 0:00
Last Minute Defensive  - 0:00
Total
Forward - 60:00
Defense - 60:00

% Time on Ice - Capitals

Lines # - Real PCT - Wanted PCT - Time Play
Normal Forward
1 - 32% - 40% - 12:49
2 - 30% - 30% - 12:12
3 - 26% - 20% - 10:18
4 - 12% - 10% - 4:42
Normal Defense
1 - 36% - 40% - 14:19
2 - 30% - 30% - 11:58
3 - 29% - 20% - 11:25
4 - 6% - 10% - 2:19
PP Forward
1 - 57% - 60% - 6:50
2 - 43% - 40% - 5:05
PP Defense
1 - 62% - 60% - 7:21
2 - 38% - 40% - 4:34
PK Forward
1 - 80% - 60% - 6:20
2 - 20% - 40% - 1:33
PK Defense
1 - 59% - 60% - 4:38
2 - 41% - 40% - 3:15
PK3 Forward
1 - 100% - 60% - 0:11
2 - 0% - 40% - 0:00
PK3 Defense
1 - 100% - 60% - 0:11
2 - 0% - 40% - 0:00
44 Forward
1 - 0% - 60%
2 - 0% - 40%
44 Defense
1 - 0% - 60%
2 - 0% - 40%
Last Minute Offensive  - 0:00
Last Minute Defensive  - 0:00
Total
Forward - 60:00
Defense - 60:00

Play by Play

1st period


0:01 of 1st period - Jeff Carter wins face-off versus Pavel Datsyuk in neutral zone.
0:06 of 1st period - Snap shot by Jeff Carter.
0:06 of 1st period - Shot Misses the Net.
0:26 of 1st period - Brent Seabrook is hit by Rostislav Olesz and loses puck.
0:53 of 1st period - Slapshot by Thomas Vanek.
0:53 of 1st period - Shot Blocked by Matthew Lombardi.
0:55 of 1st period - Wrist shot by Thomas Vanek.
0:55 of 1st period - Stopped by Cory Schneider with a rebound.
0:57 of 1st period - Snap shot by Johan Franzen.
0:57 of 1st period - Stopped by Cory Schneider with a rebound.
0:59 of 1st period - Wrist shot by Thomas Vanek.
0:59 of 1st period - Deflect By Pavel Datsyuk.
0:59 of 1st period - Stopped by Cory Schneider without a rebound.
1:00 of 1st period - Brad Richards wins face-off versus Patrick Marleau in Flyers zone.
1:01 of 1st period - Slapshot by Phil Kessel.
1:01 of 1st period - Stopped by Cory Schneider with a rebound.
1:56 of 1st period - Off-side.
1:57 of 1st period - Brad Richards wins face-off versus Kyle Wellwood in neutral zone.
2:08 of 1st period - Wrist shot by Loui Eriksson.
2:08 of 1st period - Stopped by Jaroslav Halak without a rebound.
2:09 of 1st period - David Krejci wins face-off versus Jeff Carter in Capitals zone.
2:19 of 1st period - Minor Penalty to Matt Smaby for Holding.
2:20 of 1st period - Matthew Lombardi wins face-off versus Pavel Datsyuk in Flyers zone.
2:39 of 1st period - Jeff Woywitka is hit by Johan Franzen and loses puck.
2:54 of 1st period - Dany Heatley is hit by Brad Richards and loses puck.
4:19 of 1st period - Penalty to Matt Smaby is over, Matt Smaby is back on ice.
4:59 of 1st period - Snap shot by Jeff O'Neill.
4:59 of 1st period - Shot Blocked by Jay Harrison.
6:08 of 1st period - Icing by Brent Seabrook.
6:09 of 1st period - Tyler Johnson wins face-off versus Jeff O'Neill in Capitals zone.
6:09 of 1st period - Tyler Johnson is hit by Mats Zuccarello.
6:26 of 1st period - Snap shot by Kyle McLaren.
6:26 of 1st period - Shot Misses the Net.
6:28 of 1st period - Slapshot by Kyle McLaren.
6:28 of 1st period - Shot Blocked by Brad Richards.
7:04 of 1st period - Jeff O'Neill is hit by Brad Richards.
7:10 of 1st period - Slapshot by Mats Zuccarello.
7:10 of 1st period - Shot Blocked by Marek Zidlicky.
7:12 of 1st period - Wrist shot by Mike York.
7:12 of 1st period - Stopped by Jaroslav Halak without a rebound.
7:13 of 1st period - Kyle Wellwood wins face-off versus Pavel Datsyuk in Capitals zone.
7:18 of 1st period - Wrist shot by Patrick Marleau.
7:18 of 1st period - Shot Misses the Net.
7:42 of 1st period - Wrist shot by Ryan Callahan.
7:42 of 1st period - Stopped by Cory Schneider with a rebound.
8:27 of 1st period - Snap shot by Patrick Marleau.
8:27 of 1st period - Shot Misses the Net.
8:29 of 1st period - Wrist shot by Kyle Wellwood.
8:29 of 1st period - Stopped by Jaroslav Halak with a rebound.
8:39 of 1st period - Jeff Woywitka is hit by Mark Streit and loses puck.
8:52 of 1st period - Brent Seabrook is hit by Pavel Kubina and loses puck.
9:44 of 1st period - Jay Harrison is hit by Patrick Marleau and loses puck.
11:06 of 1st period - Slapshot by Dany Heatley.
11:06 of 1st period - Stopped by Jaroslav Halak without a rebound.
11:07 of 1st period - Jeff Carter wins face-off versus Jakub Voracek in Capitals zone.
12:25 of 1st period - Snap shot by Rostislav Olesz.
12:25 of 1st period - Stopped by Jaroslav Halak with a rebound.
12:35 of 1st period - Phil Kessel is hit by Dave Tanabe and loses puck.
12:40 of 1st period - Wrist shot by Mike York.
12:40 of 1st period - Stopped by Jaroslav Halak with a rebound.
12:54 of 1st period - Slapshot by Jakub Voracek.
12:54 of 1st period - Stopped by Cory Schneider without a rebound.
12:55 of 1st period - Kyle Wellwood wins face-off versus Tyler Johnson in Flyers zone.
13:20 of 1st period - Brent Seabrook is hit by Georges Laraque and loses puck.
14:30 of 1st period - Wrist shot by Phil Kessel.
14:30 of 1st period - Stopped by Cory Schneider with a rebound.
15:03 of 1st period - Off-side.
15:04 of 1st period - Kyle Wellwood wins face-off versus Brad Richards in neutral zone.
15:30 of 1st period - Dany Heatley is hit by Pavel Datsyuk and loses puck.
16:03 of 1st period - Slapshot by Stefan Ruzicka.
16:03 of 1st period - Shot Blocked by Ryan Callahan.
16:05 of 1st period - Slapshot by Stefan Ruzicka.
16:05 of 1st period - Stopped by Jaroslav Halak without a rebound.
16:06 of 1st period - Kyle Wellwood wins face-off versus Patrik Elias in Capitals zone.
16:13 of 1st period - Wrist shot by Loui Eriksson.
16:13 of 1st period - Stopped by Jaroslav Halak with a rebound.
16:21 of 1st period - Wrist shot by Kyle Wellwood.
16:21 of 1st period - Stopped by Jaroslav Halak with a rebound.
16:52 of 1st period - Wrist shot by James Neal.
16:52 of 1st period - Stopped by Cory Schneider without a rebound.
16:53 of 1st period - David Krejci wins face-off versus Matthew Lombardi in Flyers zone.
16:56 of 1st period - Snap shot by James Neal.
16:56 of 1st period - Stopped by Cory Schneider without a rebound.
16:57 of 1st period - Kyle Wellwood wins face-off versus Pavel Datsyuk in Flyers zone.
18:54 of 1st period - Snap shot by Pavel Kubina.
18:54 of 1st period - Shot Blocked by Mark Giordano.
19:47 of 1st period - Slapshot by Mats Zuccarello.
19:47 of 1st period - Shot Misses the Net.
19:49 of 1st period - Slapshot by Jeff Woywitka.
19:49 of 1st period - Stopped by Jaroslav Halak with a rebound.
Goals for this period are 0 for Flyers vs 0 for Capitals.
Shots for this period are 10 for Flyers vs 9 for Capitals.

2nd period


0:01 of 2nd period - Pavel Datsyuk wins face-off versus Jeff Carter in neutral zone.
0:07 of 2nd period - Minor Penalty to Matt Smaby for Tripping.
0:08 of 2nd period - Pavel Datsyuk wins face-off versus Matthew Lombardi in Flyers zone.
0:08 of 2nd period - Wrist shot by Johan Franzen.
0:08 of 2nd period - Shot Misses the Net.
2:07 of 2nd period - Penalty to Matt Smaby is over, Matt Smaby is back on ice.
2:18 of 2nd period - Snap shot by Kyle Wellwood.
2:18 of 2nd period - Shot Misses the Net.
2:20 of 2nd period - Slapshot by Dave Tanabe.
2:20 of 2nd period - Shot Hit the Post.
2:22 of 2nd period - Slapshot by Loui Eriksson.
2:22 of 2nd period - Shot Misses the Net.
2:24 of 2nd period - Slapshot by Dave Tanabe.
2:24 of 2nd period - Stopped by Jaroslav Halak with a rebound.
4:02 of 2nd period - Snap shot by Thomas Vanek.
4:02 of 2nd period - Shot Misses the Net.
4:04 of 2nd period - Wrist shot by Thomas Vanek.
4:04 of 2nd period - Shot Misses the Net.
4:06 of 2nd period - Wrist shot by Brent Seabrook.
4:06 of 2nd period - Stopped by Cory Schneider without a rebound.
4:07 of 2nd period - Brad Richards wins face-off versus Kyle Wellwood in Flyers zone.
4:08 of 2nd period - Wrist shot by Patrik Elias.
4:08 of 2nd period - Shot Blocked by Jeff Woywitka.
4:10 of 2nd period - Slapshot by Mark Streit.
4:10 of 2nd period - Stopped by Cory Schneider without a rebound.
4:11 of 2nd period - Kyle Wellwood wins face-off versus Brad Richards in Flyers zone.
4:48 of 2nd period - David Krejci is hit by Jeff Carter and loses puck.
5:01 of 2nd period - Slapshot by Pavel Datsyuk.
5:01 of 2nd period - Shot Blocked by Pavel Kubina.
5:15 of 2nd period - Slapshot by Patrik Elias.
5:15 of 2nd period - Shot Misses the Net.
5:27 of 2nd period - Snap shot by Matthew Lombardi.
5:27 of 2nd period - Stopped by Jaroslav Halak without a rebound.
5:28 of 2nd period - Pavel Datsyuk wins face-off versus Jeff Carter in Capitals zone.
5:33 of 2nd period - Slapshot by Jeff Carter.
5:33 of 2nd period - Stopped by Jaroslav Halak with a rebound.
5:35 of 2nd period - Wrist shot by Dave Tanabe.
5:35 of 2nd period - Stopped by Jaroslav Halak without a rebound.
5:36 of 2nd period - Brad Richards wins face-off versus Jeff Carter in Capitals zone.
5:47 of 2nd period - Wrist shot by Dany Heatley.
5:47 of 2nd period - Shot Misses the Net.
5:49 of 2nd period - Snap shot by Dany Heatley.
5:49 of 2nd period - Shot Misses the Net.
5:51 of 2nd period - Wrist shot by Dany Heatley.
5:51 of 2nd period - Deflect By Georges Laraque.
5:51 of 2nd period - Shot Misses the Net.
5:51 of 2nd period - Puck is out of play.
5:52 of 2nd period - Kyle Wellwood wins face-off versus Pavel Datsyuk in Capitals zone.
6:05 of 2nd period - Wrist shot by Thomas Vanek.
6:05 of 2nd period - Deflect By Johan Franzen.
6:05 of 2nd period - Stopped by Cory Schneider without a rebound.
6:06 of 2nd period - Jeff Carter wins face-off versus Pavel Datsyuk in Flyers zone.
6:32 of 2nd period - Pavel Datsyuk is hit by Jeff O'Neill and loses puck.
6:39 of 2nd period - Snap shot by Mike York.
6:39 of 2nd period - Stopped by Jaroslav Halak with a rebound.
6:41 of 2nd period - Backhand shot by Jeff O'Neill.
6:41 of 2nd period - Shot Blocked by Johan Franzen.
7:23 of 2nd period - Matt Smaby is hit by Brent Seabrook and loses puck.
8:19 of 2nd period - Minor Penalty to Brad Richards for Slashing.
8:20 of 2nd period - Pavel Datsyuk wins face-off versus Dany Heatley in Capitals zone.
8:53 of 2nd period - Icing by Kyle Wellwood.
8:54 of 2nd period - Tyler Johnson wins face-off versus Kyle Wellwood in Flyers zone.
9:05 of 2nd period - Wrist shot by Loui Eriksson.
9:05 of 2nd period - Shot Blocked by James Neal.
9:07 of 2nd period - Slapshot by Pavel Kubina.
9:07 of 2nd period - Stopped by Jaroslav Halak without a rebound.
9:08 of 2nd period - Jeff Carter wins face-off versus Pavel Datsyuk in Capitals zone.
9:13 of 2nd period - Snap shot by Jeff Carter.
9:13 of 2nd period - Shot Blocked by Brent Seabrook.
10:19 of 2nd period - Penalty to Brad Richards is over, Brad Richards is back on ice.
10:29 of 2nd period - Snap shot by Brad Richards.
10:29 of 2nd period - Stopped by Cory Schneider with a rebound.
10:31 of 2nd period - Slapshot by Brent Seabrook.
10:31 of 2nd period - Shot Blocked by Dave Tanabe.
10:41 of 2nd period - Snap shot by David Krejci.
10:41 of 2nd period - Shot Misses the Net.
10:43 of 2nd period - Slapshot by James Neal.
10:43 of 2nd period - Shot Blocked by Dave Tanabe.
10:45 of 2nd period - Snap shot by James Neal.
10:45 of 2nd period - Shot Misses the Net.
11:19 of 2nd period - Snap shot by Patrik Elias.
11:19 of 2nd period - Stopped by Cory Schneider with a rebound.
11:45 of 2nd period - Icing by Mark Giordano.
11:46 of 2nd period - Jeff Carter wins face-off versus David Krejci in Capitals zone.
11:47 of 2nd period - Wrist shot by Dany Heatley.
11:47 of 2nd period - Shot Hit the Post.
12:04 of 2nd period - Double Minor Penalty to Pavel Kubina for Slashing.
12:05 of 2nd period - Rostislav Olesz wins face-off versus Pavel Datsyuk in Flyers zone.
12:32 of 2nd period - Icing by Thomas Vanek.
12:33 of 2nd period - Matthew Lombardi wins face-off versus Johan Franzen in Capitals zone.
12:48 of 2nd period - Snap shot by Brad Richards.
12:48 of 2nd period - Shot Blocked by Jeff Woywitka.
12:54 of 2nd period - Wrist shot by Patrik Elias.
12:54 of 2nd period - Shot Blocked by Matthew Lombardi.
15:52 of 2nd period - Mike York is hit by Phil Kessel and loses puck.
16:04 of 2nd period - Penalty to Pavel Kubina is over, Pavel Kubina is back on ice.
16:13 of 2nd period - Dave Tanabe is hit by David Krejci and loses puck.
17:19 of 2nd period - Icing by James Wisniewski.
17:20 of 2nd period - Tyler Johnson wins face-off versus Jeff Carter in Flyers zone.
17:23 of 2nd period - Snap shot by Phil Kessel.
17:23 of 2nd period - Stopped by Cory Schneider without a rebound.
17:24 of 2nd period - Jeff Carter wins face-off versus Tyler Johnson in Flyers zone.
17:35 of 2nd period - Snap shot by Patrik Elias.
17:35 of 2nd period - Shot Hit the Post.
17:51 of 2nd period - Patrick Marleau is hit by Pavel Datsyuk and loses puck.
18:06 of 2nd period - Minor Penalty to Matt Smaby for Delaying the game.
18:07 of 2nd period - Pavel Datsyuk wins face-off versus Matthew Lombardi in Flyers zone.
18:12 of 2nd period - Snap shot by Thomas Vanek.
18:12 of 2nd period - Stopped by Cory Schneider without a rebound.
18:13 of 2nd period - Matthew Lombardi wins face-off versus Pavel Datsyuk in Flyers zone.
18:42 of 2nd period - Dany Heatley is hit by Mark Streit and loses puck.
Goals for this period are 0 for Flyers vs 0 for Capitals.
Shots for this period are 6 for Flyers vs 7 for Capitals.

3rd period


0:01 of 3rd period - Matthew Lombardi wins face-off versus Pavel Datsyuk in neutral zone.
0:06 of 3rd period - Penalty to Matt Smaby is over, Matt Smaby is back on ice.
1:07 of 3rd period - Johan Franzen is hit by James Wisniewski and loses puck.
1:22 of 3rd period - Snap shot by Matthew Lombardi.
1:22 of 3rd period - Stopped by Jaroslav Halak with a rebound.
1:46 of 3rd period - Wrist shot by Dany Heatley.
1:46 of 3rd period - Shot Blocked by Jay Harrison.
2:02 of 3rd period - Wrist shot by Kyle Wellwood.
2:02 of 3rd period - Shot Blocked by Jay Harrison.
2:04 of 3rd period - Wrist shot by Patrick Marleau.
2:04 of 3rd period - Shot Blocked by Jay Harrison.
2:42 of 3rd period - Off-side.
2:43 of 3rd period - Pavel Datsyuk wins face-off versus Matthew Lombardi in neutral zone.
2:46 of 3rd period - Snap shot by Johan Franzen.
2:46 of 3rd period - Goal by Johan Franzen - Flyers : 0 - Capitals : 1.
2:47 of 3rd period - Pavel Datsyuk wins face-off versus Georges Laraque in neutral zone.
3:12 of 3rd period - Thomas Vanek is hit by Jeff Woywitka and loses puck.
3:25 of 3rd period - Snap shot by Rostislav Olesz.
3:25 of 3rd period - Shot Blocked by Mark Streit.
4:07 of 3rd period - Slapshot by Mike York.
4:07 of 3rd period - Goal by Mike York - Flyers : 1 - Capitals : 1.
4:08 of 3rd period - Pavel Datsyuk wins face-off versus Jeff Carter in neutral zone.
4:12 of 3rd period - Marek Zidlicky and Georges Laraque fight to a draw.
4:12 of 3rd period - Penalty to Marek Zidlicky for Fighting.
4:12 of 3rd period - Penalty to Georges Laraque for Fighting.
4:13 of 3rd period - Kyle Wellwood wins face-off versus Pavel Datsyuk in Flyers zone.
4:22 of 3rd period - Snap shot by Jeff Carter.
4:22 of 3rd period - Shot Misses the Net.
4:23 of 3rd period - Minor Penalty to Kyle Wellwood for Holding.
4:24 of 3rd period - Pavel Datsyuk wins face-off versus Matthew Lombardi in Flyers zone.
4:27 of 3rd period - Snap shot by Thomas Vanek.
4:27 of 3rd period - Shot Blocked by Pavel Kubina.
4:29 of 3rd period - Slapshot by Brent Seabrook.
4:29 of 3rd period - Stopped by Cory Schneider without a rebound.
4:30 of 3rd period - Matthew Lombardi wins face-off versus Pavel Datsyuk in Flyers zone.
5:03 of 3rd period - Wrist shot by Jeff Carter.
5:03 of 3rd period - Stopped by Jaroslav Halak without a rebound.
5:04 of 3rd period - Brad Richards wins face-off versus Matthew Lombardi in Capitals zone.
5:17 of 3rd period - Snap shot by Phil Kessel.
5:17 of 3rd period - Deflect By Matthew Lombardi.
5:17 of 3rd period - Shot Misses the Net.
5:17 of 3rd period - Puck is out of play.
5:18 of 3rd period - Matthew Lombardi wins face-off versus Pavel Datsyuk in Flyers zone.
6:23 of 3rd period - Penalty to Kyle Wellwood is over, Kyle Wellwood is back on ice.
6:39 of 3rd period - Backhand shot by James Neal.
6:39 of 3rd period - Shot Blocked by Kyle Wellwood.
7:22 of 3rd period - Minor Penalty to Johan Franzen for Tripping.
7:23 of 3rd period - Pavel Datsyuk wins face-off versus Jeff Carter in Capitals zone.
7:39 of 3rd period - Wrist shot by Matt Smaby.
7:39 of 3rd period - Shot Blocked by Jakub Voracek.
9:12 of 3rd period - Penalty to Marek Zidlicky is over, Marek Zidlicky is back on ice.
9:19 of 3rd period - Kyle Wellwood is hit by Jakub Voracek and loses puck.
9:22 of 3rd period - Penalty to Johan Franzen is over, Johan Franzen is back on ice.
9:24 of 3rd period - Slapshot by Thomas Vanek.
9:24 of 3rd period - Goal by Thomas Vanek - Flyers : 1 - Capitals : 2.
9:25 of 3rd period - Pavel Datsyuk wins face-off versus Jeff Carter in neutral zone.
9:31 of 3rd period - Off-side.
9:32 of 3rd period - Pavel Datsyuk wins face-off versus Jeff Carter in neutral zone.
9:47 of 3rd period - Backhand shot by Dany Heatley.
9:47 of 3rd period - Shot Misses the Net.
9:59 of 3rd period - Backhand shot by Matt Smaby.
9:59 of 3rd period - Stopped by Jaroslav Halak without a rebound.
10:00 of 3rd period - Matthew Lombardi wins face-off versus Brad Richards in Capitals zone.
10:25 of 3rd period - Marek Zidlicky is hit by Patrick Marleau and loses puck.
10:38 of 3rd period - Wrist shot by Jeff Woywitka.
10:38 of 3rd period - Shot Blocked by Brian Campbell.
10:49 of 3rd period - Snap shot by Johan Franzen.
10:49 of 3rd period - Stopped by Cory Schneider with a rebound.
11:21 of 3rd period - Snap shot by Jeff Carter.
11:21 of 3rd period - Stopped by Jaroslav Halak with a rebound.
11:27 of 3rd period - Jeff Woywitka is hit by David Krejci and loses puck.
12:00 of 3rd period - Slapshot by Patrick Marleau.
12:00 of 3rd period - Shot Blocked by Brad Richards.
12:02 of 3rd period - Snap shot by Kyle Wellwood.
12:02 of 3rd period - Shot Misses the Net.
12:04 of 3rd period - Snap shot by Loui Eriksson.
12:04 of 3rd period - Shot Blocked by Mark Giordano.
12:06 of 3rd period - Snap shot by Kyle Wellwood.
12:06 of 3rd period - Stopped by Jaroslav Halak without a rebound.
12:07 of 3rd period - Jeff Carter wins face-off versus David Krejci in Capitals zone.
12:11 of 3rd period - Double Minor Penalty to Mark Streit for Roughing.
12:12 of 3rd period - Kyle Wellwood wins face-off versus Pavel Datsyuk in Capitals zone.
12:19 of 3rd period - Snap shot by Patrick Marleau.
12:19 of 3rd period - Shot Misses the Net.
12:21 of 3rd period - Slapshot by Matt Smaby.
12:21 of 3rd period - Stopped by Jaroslav Halak with a rebound.
12:23 of 3rd period - Slapshot by Dave Tanabe.
12:23 of 3rd period - Stopped by Jaroslav Halak with a rebound.
12:25 of 3rd period - Slapshot by Matt Smaby.
12:25 of 3rd period - Stopped by Jaroslav Halak without a rebound.
12:26 of 3rd period - Jeff Carter wins face-off versus Pavel Datsyuk in Capitals zone.
12:31 of 3rd period - Slapshot by Dany Heatley.
12:31 of 3rd period - Stopped by Jaroslav Halak without a rebound.
12:32 of 3rd period - Pavel Datsyuk wins face-off versus Jeff Carter in Capitals zone.
12:41 of 3rd period - Brad Richards is hit by Georges Laraque and loses puck.
12:48 of 3rd period - Backhand shot by Dany Heatley.
12:48 of 3rd period - Stopped by Jaroslav Halak with a rebound.
13:04 of 3rd period - Slapshot by Dave Tanabe.
13:04 of 3rd period - Goal by Dave Tanabe - Flyers : 2 - Capitals : 2.
13:05 of 3rd period - Pavel Datsyuk wins face-off versus Kyle Wellwood in neutral zone.
13:18 of 3rd period - Wrist shot by Pavel Datsyuk.
13:18 of 3rd period - Shot Misses the Net.
14:50 of 3rd period - Pavel Kubina is hit by James Neal and loses puck.
15:04 of 3rd period - Penalty to Mark Streit is over, Mark Streit is back on ice.
15:43 of 3rd period - Snap shot by Mats Zuccarello.
15:43 of 3rd period - Stopped by Jaroslav Halak with a rebound.
15:45 of 3rd period - Wrist shot by Jeff O'Neill.
15:45 of 3rd period - Stopped by Jaroslav Halak without a rebound.
15:46 of 3rd period - Jeff O'Neill wins face-off versus Pavel Datsyuk in Capitals zone.
15:50 of 3rd period - Icing by Thomas Vanek.
15:51 of 3rd period - Jeff O'Neill wins face-off versus Pavel Datsyuk in Capitals zone.
15:52 of 3rd period - Wrist shot by Mike York.
15:52 of 3rd period - Stopped by Jaroslav Halak with a rebound.
16:16 of 3rd period - Georges Laraque is hit by David Krejci and loses puck.
17:04 of 3rd period - Snap shot by Marek Zidlicky.
17:04 of 3rd period - Deflect By Johan Franzen.
17:04 of 3rd period - Stopped by Cory Schneider with a rebound.
17:26 of 3rd period - Ryan Callahan is hit by Jeff Woywitka and loses puck.
18:33 of 3rd period - Backhand shot by Dany Heatley.
18:33 of 3rd period - Shot Misses the Net.
18:39 of 3rd period - Wrist shot by Jeff Carter.
18:39 of 3rd period - Shot Misses the Net.
18:45 of 3rd period - Minor Penalty to Marek Zidlicky for Tripping.
18:46 of 3rd period - Kyle Wellwood wins face-off versus Pavel Datsyuk in Capitals zone.
18:54 of 3rd period - Minor Penalty to Brent Seabrook for Hooking.
18:55 of 3rd period - Patrick Marleau wins face-off versus Pavel Datsyuk in Capitals zone.
18:59 of 3rd period - Wrist shot by Kyle Wellwood.
18:59 of 3rd period - Stopped by Jaroslav Halak with a rebound.
19:01 of 3rd period - Slapshot by Loui Eriksson.
19:01 of 3rd period - Shot Misses the Net.
19:03 of 3rd period - Slapshot by Dave Tanabe.
19:03 of 3rd period - Shot Blocked by Mark Giordano.
19:05 of 3rd period - Backhand shot by Matt Smaby.
19:05 of 3rd period - Goal by Matt Smaby - Flyers : 3 - Capitals : 2.
19:06 of 3rd period - Kyle Wellwood wins face-off versus Pavel Datsyuk in neutral zone.
19:21 of 3rd period - Mark Streit is hit by Kyle Wellwood and loses puck.
Goals for this period are 3 for Flyers vs 2 for Capitals.
Shots for this period are 17 for Flyers vs 5 for Capitals.